 Dungeon Crawl Stone Soup version 0.29.1-4-g47bece8355 (webtiles) character file.

Game seed: 10215643922062986375

46 safid the Shooter (level 3, -9/32 (33) HPs)
             Began as a Minotaur Hunter on Dec 1, 2022.
             Killed by divine providence
             ... invoked by an orc priest
              (16 damage)
             ... on level 3 of the Dungeon.
             The game lasted 00:01:40 (1203 turns).

safid the Shooter (Minotaur Hunter)                 Turns: 1203, Time: 00:01:40

HP:   -9/32 (33)    AC:  3    Str: 15    XL:     3   Next: 46%
MP:   2/2           EV: 12    Int:  6    God:
Gold: 122           SH:  5    Dex: 15    Spells: 2/2 levels left

rFire   . . .      SeeInvis .   a - +0 shortbow
rCold   . . .      Faith    .   (shield currently unavailable)
rNeg    . . .      Spirit   .   c - +0 leather armour
rPois   .          Reflect  +   (helmet restricted)
rElec   .          Harm     .   (no cloak)
rCorr   .          Rampage  .   (no gloves)
Will    .....                   (no boots)
Stlth   +.........              o - amulet of reflection
HPRegen 0.10/turn               (no ring)
MPRegen 0.08/turn               (no ring)

@: lightly drained
A: horns 2, retaliatory headbutt
a: no special abilities


You were on level 3 of the Dungeon.
You visited 1 branch of the dungeon, and saw 3 of its levels.

You collected 122 gold pieces.

Inventory:

Hand Weapons
 a - a +0 shortbow (weapon)
Armour
 c - a +0 leather armour (worn)
Jewellery
 o - an amulet of reflection (around neck)
Scrolls
 b - a scroll of immolation
 d - 3 scrolls of enchant weapon {unknown}
 f - a scroll of poison {unknown}
 g - 4 scrolls of identify {unknown}
 h - a scroll of brand weapon {unknown}
 j - a scroll of amnesia {unknown}
 m - a scroll of silence {unknown}
 p - a scroll of blinking {unknown}
Potions
 e - 2 potions of heal wounds {unknown}
 i - a potion of magic {unknown}
 k - a potion of might {unknown}
 l - 2 potions of mutation {unknown}
 n - 2 potions of curing {unknown}
 q - a potion of cancellation {unknown}


   Skills:
 + Level 3.7 Fighting
 + Level 5.1 Ranged Weapons
 - Level 2.1 Dodging
 - Level 0.7 Stealth


You had 2 spell levels left.
You didn't know any spells.
Your spell library contained the following spells:

 Spells                   Type           Power      Damage    Failure   Level
 Apportation              Tloc           0%         N/A       52%         1
 Freeze                   Ice            0%         1d3       52%         1
 Necrotise                Necr           0%         1d4       52%         1
 Summon Small Mammal      Summ           0%         N/A       52%         1
 Call Canine Familiar     Summ           0%         N/A       88%         3
 Frozen Ramparts          Ice            0%         1d1       88%         3
 Summon Guardian Golem    Hex/Summ       0%         N/A       88%         3
 Hailstorm                Conj/Ice       0%         3d3       99%         4
 Orb of Destruction       Conj           0%         9d5       100%        7
 Spellforged Servitor     Conj/Summ      0%         N/A       100%        7


Dungeon Overview and Level Annotations

Branches:
Dungeon (3/15)

Altars:


Innate Abilities, Weirdness & Mutations

You have a pair of horns on your head.
You reflexively headbutt those who attack you in melee.


Message History

The orc priest hits you with a +0 flail.
You shoot an arrow.
The arrow hits the orc priest but does no damage.
The orc priest is almost dead.
The orc priest looks satisfied for a moment.
An orc wizard comes into view.
It is wielding a +1 dagger of holy wrath.
The orc closely misses you.
The orc hits you with a +0 flail of draining.
You feel drained.
The orc priest attacks as you move away!
The orc priest misses you.
The orc priest mumbles some strange prayers to Beogh against you.
Beogh smites you!
You are too injured to fight recklessly!
You are too injured to fight recklessly!
You are too injured to fight recklessly!
You are too injured to fight recklessly!
Fire: a) +0 shortbow
Press: ? - help, Q - select action Shift-Dir - straight line, f/p - orc priest
Aim: an orc priest, wielding a +0 flail (almost dead, 62% to hit)
You shoot an arrow. The arrow hits the orc.
The orc is severely wounded.
The orc hits you with a +0 short sword.
* * * LOW HITPOINT WARNING * * *
The orc priest looks encouraged for a moment.
The orc wizard gestures wildly while chanting.
The orc wizard flickers and vanishes!
Deactivating autopickup; reactivate with Ctrl-A.
Unknown command.
Unknown command.
Unknown command.
Fire: a) +0 shortbow
Press: ? - help, Q - select action Shift-Dir - straight line, f/p - orc priest
Aim: an orc priest, wielding a +0 flail (almost dead, 62% to hit)
You shoot an arrow. The arrow hits the orc!
You kill the orc!
The orc priest invokes the aid of Beogh against you.
Beogh smites you!
Ouch! That really hurt!
You die...

.... $.. ....#######..
........... .........
#...... .###....)
#.........{.####
#.........oo)@.### .
#..........###...####...
#..........#####........
#.........###........... #
#.........##........##.. #
#.........#............. #
#.).................. #
##.###.#............##
######...................#


You could see an orc priest and an orc.

Vanquished Creatures
  An adder (D:3)
  An orc (D:3)
  6 bats (D:1)
  2 endoplasms
  3 giant cockroaches (D:2)
  4 goblins
  4 hobgoblins
  6 kobolds (D:2)
  3 ball pythons
  2 frilled lizards (D:1)
  2 rats
34 creatures vanquished.

Notes
Turn   | Place    | Note
-------+----------+-------------------------------------------
     0 | D:1      | safid the Minotaur Hunter began the quest for the Orb.
     0 | D:1      | Reached XP level 1. HP: 18/18 MP: 0/0
   132 | D:1      | Reached XP level 2. HP: 25/25 MP: 1/1
   480 | D:2      | Found a faded altar of an unknown god.
   708 | D:2      | Identified the +1 leather armour of Qeskiaw {rPois rF-
                  | Str+4}
   838 | D:2      | Reached skill level 5 in Ranged Weapons
   838 | D:2      | Reached XP level 3. HP: 31/31 MP: 2/2
  1203 | D:3      | Killed from afar by an orc priest

Illustrated notes

Levels and vault maps discovered:
D:1:      nzn_arrival_depleted_hourglass, layout_rooms, minmay_misc_feat_room,
          minmay_tetromino_s2
D:2:      layout_loops_ring, shapermc_ecumenical_altar_mp_ritualfount
D:3:      layout_rooms, mainiacjoe_overflow_chevrons, overflow_temple_1_default,
          serial_shops, nicolae_shop_advertising_works
          [nicolae_subvault_shop_adworks]

Skill      XL: |  1  2 |
---------------+-------+-----
Fighting       | 3 |  3.7
Ranged Weapons | 5 |  5.1
Dodging        | |  2.1
Stealth        | |  0.7

Action                   || total
-------------------------++-------
 Fire: Shortbow          ||    77
Armor: Leather armour    ||    10
Dodge: Dodged            ||    17
Block: Other             ||     2
